 Dungeon Crawl Stone Soup version 0.23.2-1-ga50397a6bc (webtiles) character file.

Game seed: 6334859521937015235

19 MisterOstroum the Grasshopper (level 2, -3/15 HPs)
             Began as a Spriggan Warper on May 21, 2019.
             Slain by a worm (8 damage)
             ... on level 2 of the Dungeon.
             The game lasted 00:02:46 (1266 turns).

MisterOstroum the Grasshopper (Spriggan Warper)     Turns: 1266, Time: 00:02:47

Health: -3/15      AC:  2    Str:  7    XL:     2   Next: 55%
Magic:  3/6        EV: 18    Int: 14    God:
Gold:   51         SH:  0    Dex: 15    Spells: 2/6 levels left

rFire    . . .     SeeInvis +   a - +0 short sword
rCold    . . .     Gourm    .   (shield restricted)
rNeg     . . .     Faith    .   b - +0 robe
rPois    .         Spirit   .   (helmet restricted)
rElec    .         Reflect  .   (no cloak)
rCorr    .         Harm     .   (gloves unavailable)
MR       .....                  (boots unavailable)
Stlth    +.........             (no amulet)
HPRegen  0.05/turn              (no ring)
MPRegen  0.10/turn              (no ring)

@: shrouded, very quick
A: very small, unfitting armour, see invisible, herbivore, speed 3, slow
metabolism 2
a: no special abilities


You were on level 2 of the Dungeon.
You were not hungry.

You visited 1 branch of the dungeon, and saw 2 of its levels.

You collected 51 gold pieces.

Inventory:

Hand Weapons
 a - a +0 short sword (weapon)
Missiles
 f - 3 tomahawks of dispersal
 g - 39 stones (quivered)
Armour
 b - a +0 robe (worn)
Scrolls
 c - 2 scrolls of identify {unknown}
 d - a scroll of blinking {@r4}
Potions
 h - a potion of agility {unknown}
 i - a potion of heal wounds {unknown}
 j - a potion of haste {unknown}
Comestibles
 e - 2 rations


   Skills:
 + Level 2.1 Fighting
 + Level 2.8 Short Blades
 - Level 1.0 Throwing
 - Level 3.5 Dodging
 + Level 2.7 Spellcasting
 + Level 0.3 Charms
 + Level 4.4 Translocations


You had 2 spell levels left.
You knew the following spells:

 Your Spells              Type           Power        Failure   Level  Hunger
a - Blink                 Tloc           N/A          5%          2    ###....
b - Shroud of Golubria    Chrm/Tloc      #.........   12%         2    ###....

Your spell library contained the following spells:

 Spells                   Type           Power        Failure   Level  Hunger
 Gell's Gravitas          Tloc           ##........   11%         3    ###....
 Lesser Beckoning         Tloc           ##........   11%         3    ###....
 Teleport Other           Tloc           ##......     11%         3    ###....
 Passage of Golubria      Tloc           N/A          34%         4    #####..


Dungeon Overview and Level Annotations

Branches:
Dungeon (2/15)

Altars:


Innate Abilities, Weirdness & Mutations

You are very small and have problems with some larger weapons.
You are too small for most types of armour.
You have supernaturally acute eyesight. (SInv)
You are a herbivore.
You cover ground extremely quickly.
You need to consume almost no food.


Message History

Your shroud begins to fray at the edges.
You climb downwards.
There is a stone staircase leading up, spattered with blood here.
Your shroud unravels.
Magic restored.
HP restored.
Things that are here:
a jackal corpse x2
Found a dagger.
A worm comes into view.
A worm is nearby!
Throwing (i - inventory. (/) - cycle)
g - 46 stones (quivered)
Press: ? - help, Shift-Dir - straight line, f - worm
Aim: a worm (hasn't noticed you)
You throw a stone.
The stone hits the worm but does no damage.
Throwing (i - inventory. (/) - cycle)
g - 45 stones (quivered)
Press: ? - help, Shift-Dir - straight line, f/p - worm
Aim: a worm You throw a stone.
The stone completely misses the worm.
Throwing (i - inventory. (/) - cycle)
g - 44 stones (quivered)
Press: ? - help, Shift-Dir - straight line, f/p - worm
Aim: a worm You throw a stone.
The stone hits the worm but does no damage.
Throwing (i - inventory. (/) - cycle)
g - 43 stones (quivered)
Press: ? - help, Shift-Dir - straight line, f/p - worm
Aim: a worm You throw a stone.
The stone hits the worm.
The worm is lightly wounded.
Throwing (i - inventory. (/) - cycle)
g - 42 stones (quivered)
Press: ? - help, Shift-Dir - straight line, f/p - worm
Aim: a worm (lightly wounded)
You throw a stone.
The stone hits the worm but does no damage.
The worm is lightly wounded.
Casting: Shroud of Golubria (safe; 12% risk of failure)
Confirm with . or Enter, or press ? or * to list all spells.
Space distorts slightly along a thin shroud covering your body.
You hit the worm.
The worm is lightly wounded.
You hit the worm.
The worm is moderately wounded.
The worm closely misses you.
You barely miss the worm.
The worm is moderately wounded.
You hit the worm but do no damage.
The worm is moderately wounded.
The worm closely misses you.
You hit the worm but do no damage.
The worm is moderately wounded.
The worm misses you.
You hit the worm.
The worm is heavily wounded.
You barely miss the worm.
The worm is heavily wounded.
Your shroud bends the worm's attack away.
You hit the worm.
The worm is severely wounded.
You hit the worm but do no damage.
The worm is severely wounded.
Your shroud begins to fray at the edges.
The worm bites you!
Ouch! That really hurt!
Your shroud falls apart!
You are too injured to fight recklessly!
You are too injured to fight recklessly!
You are too injured to fight recklessly!
You are too injured to fight recklessly!
You are too injured to fight recklessly!
You are too injured to fight recklessly!
You are too injured to fight recklessly!
You are too injured to fight recklessly!
You are too injured to fight recklessly!
You are too injured to fight recklessly!
You are too injured to fight recklessly!
You are too injured to fight recklessly!
You are too injured to fight recklessly!
You are too injured to fight recklessly!
You are too injured to fight recklessly!
Casting: Shroud of Golubria (safe; 12% risk of failure)
Confirm with . or Enter, or press ? or * to list all spells.
Space distorts slightly along a thin shroud covering your body.
You are too injured to fight recklessly!
You are too injured to fight recklessly!
Throwing (i - inventory. (/) - cycle)
g - 41 stones (quivered)
Press: ? - help, Shift-Dir - straight line, f/p - worm
Aim: a worm (heavily wounded)
You throw a stone. The stone hits the worm.
The worm is heavily wounded.
Throwing (i - inventory. (/) - cycle)
g - 40 stones (quivered)
Press: ? - help, Shift-Dir - straight line, f/p - worm
Aim: a worm (heavily wounded)
You throw a stone. The stone hits the worm.
The worm is heavily wounded.
You hit the worm.
The worm is severely wounded.
The worm bites you!
Ouch! That really hurt!
You die...

#### ..# ###.# #
#...##########
#.#.#.((w@.....#
###.....####.....#####
.........# #.#††......
##.#..##.# #.#<..####.
# #(. #.# #.#...# .(.
#.# #.....# .(#. #.#
#....... (... #..
..#..#..# #..)
......#..#..#


You could see a worm.

Vanquished Creatures
  An ooze (D:1)
  A dart slug (D:1)
  A leopard gecko (D:1)
  A goblin (D:1)
  4 jackals (D:2)
  A bat (D:1)
  A frilled lizard (D:1)
  2 rats
12 creatures vanquished.

Notes
Turn   | Place    | Note
-------+----------+-------------------------------------------
     0 | D:1      | MisterOstroum the Spriggan Warper began the quest for the
                  | Orb.
     0 | D:1      | Reached XP level 1. HP: 10/10 MP: 5/5
   808 | D:1      | Reached XP level 2. HP: 15/15 MP: 6/6
  1178 | D:1      | Learned a level 2 spell: Blink
  1181 | D:1      | Learned a level 2 spell: Shroud of Golubria
  1266 | D:2      | Slain by a worm

Skill      XL: |  1 |
---------------+----+-----
Fighting       | 2 |  2.1
Short Blades   | |  2.8
Throwing       | |  1.0
Dodging        | |  3.5
Spellcasting   | |  2.7
Charms         | |  0.3
Translocations | |  4.4

Action                   || total
-------------------------++-------
Melee: Short sword       ||    63
Throw: Stone             ||    24
       Tomahawk          ||     2
 Cast: Shroud of Golubri ||     4
 Stab: Sleeping          ||     1
Armor: Robe              ||     6
Dodge: Dodged            ||    88
